Blackhawks vs Canadiens
(R3)
Created - April 17, 2017 at 19:33
Goals
|
| Blackhawks |
1 |
4 |
0 |
5 |
| Canadiens |
1 |
1 |
0 |
2 |
|
Shots
|
| Blackhawks |
8 |
15 |
7 |
30 |
| Canadiens |
6 |
7 |
7 |
20 |
|
1st period
1. Canadiens , Dustin Boyd 21 (Jiri Tlusty 7) at 10:05 (PP)
2. Blackhawks , Derick Brassard 41 (Antoine Roussel 33, Patrick Kane 50) at 17:17 (PP)
Penalties :
Devin Setoguchi (Mon) for Hooking (Minor) at 1:06, Patrick Kane (Chi) for Hooking (Minor) at 9:58, Ladislav Smid (Mon) for Roughing (Minor) at 14:16, Tomas Plekanec (Mon) for Slashing (Minor) at 17:04
2nd period
3. Blackhawks , Patrick Kane 42 (Derick Brassard 49, Joni Pitkanen 33) at 0:10
4. Canadiens , Tomas Plekanec 12 (Torey Krug 13, Jonas Hoglund 14) at 6:20
5. Blackhawks , Patrick Kane 43 (Denis Grebeshkov 23, Derick Brassard 50) at 6:26
6. Blackhawks , Tomas Fleischmann 11 (Peter Regin 21, Jonathan Toews 35) at 9:05
7. Blackhawks , Patrick Kane 44 (Antoine Roussel 34, Denis Grebeshkov 24) at 11:17 (PP)
Penalties :
Evgeny Dadonov (Mon) for Roughing (Minor) at 1:18, Dennis Wideman (Mon) for Hooking (Minor) at 3:46, Joni Pitkanen (Chi) for Holding (Minor) at 6:56, Andrei Loktionov (Mon) for Tripping (Minor) at 11:08, Andrei Loktionov (Mon) for Holding Stick (Minor) at 12:59, Stephane Robidas (Mon) for Holding (Minor) at 16:42, Patrick Sharp (Mon) for High sticking (Minor) at 19:11
3rd period
No Goal
Penalties :
Jason Pominville (Chi) for Charging (Minor) at 3:25, Jonathan Toews (Chi) for Interference (Minor) at 4:57, Oleg Saprykin (Chi) for Hooking (Minor) at 8:48, Andrei Loktionov (Mon) for Interference (Minor) at 13:36, Chad Larose (Chi) for Roughing (Minor) at 17:29
Goalie Stats
Jimmy Howard (Chi), 18 saves from 20 shots - (0.900), W, 32-21-5, 60:00 minutes
Jonathan Bernier (Mon), 13 saves from 14 shots - (0.929), 30:55 minutes
Tobias Stephan (Mon), 12 saves from 16 shots - (0.750), L, 3-8-1, 29:05 minutes
Players Stats for Blackhawks
Player Name G A P +/- PIM S H SB GA TA FO MP PP MP PK MP
------------------------------------------------------------------------------------
Antoine Roussel 0 2 2 2 0 0 0 0 0 0 1/1 18:15 8:13 0:00
Carson Mcmillan 0 0 0 -1 0 0 1 0 0 0 0/0 6:19 0:00 0:00
Chad Larose 0 0 0 1 2 0 1 1 0 0 0/2 9:14 0:11 0:00
Dave Tanabe 0 0 0 0 0 0 0 0 0 0 0/0 8:14 0:00 0:41
Denis Grebeshkov 0 2 2 1 0 1 1 0 0 0 0/0 21:17 6:15 3:58
Derick Brassard 1 2 3 2 0 5 4 0 1 0 20/26 23:10 8:14 4:47
Ian White 0 0 0 1 0 3 0 2 1 1 0/0 30:52 9:59 5:19
Jason Pominville 0 0 0 0 2 0 2 0 0 0 0/0 17:42 7:50 1:52
Jonathan Toews 0 1 1 0 2 0 2 0 1 0 6/15 18:20 7:50 2:19
Joni Pitkanen 0 1 1 1 2 4 2 1 0 0 0/0 29:46 9:59 4:14
Kurt Sauer 0 0 0 1 0 1 2 0 0 0 0/0 21:17 6:15 3:58
Kyle Brodziak 0 0 0 -1 0 1 0 0 0 0 1/4 6:33 0:00 0:14
Oleg Saprykin 0 0 0 -1 2 1 1 0 0 1 0/0 8:52 0:00 1:49
Patrick Kane 3 1 4 2 2 7 1 1 1 1 6/8 23:59 8:23 4:50
Peter Regin 0 1 1 1 0 1 2 2 0 1 2/3 12:05 0:00 2:33
Ryan Hollweg 0 0 0 0 0 3 1 0 1 1 1/1 16:09 7:50 0:18
Ryan O'Byrne 0 0 0 0 0 2 0 0 0 1 0/0 8:33 0:00 1:00
Tomas Fleischmann 1 0 1 1 0 1 0 0 1 0 0/1 9:15 0:11 0:00
Players Stats for Canadiens
Player Name G A P +/- PIM S H SB GA TA FO MP PP MP PK MP
------------------------------------------------------------------------------------
Andrei Loktionov 0 0 0 -2 6 3 1 1 0 0 10/30 22:22 4:58 6:32
Brett Maclean 0 0 0 -1 0 0 1 0 0 0 0/0 6:58 0:19 0:00
Dennis Wideman 0 0 0 -2 2 2 0 3 1 2 0/0 21:20 5:38 1:53
Devin Setoguchi 0 0 0 -2 2 0 2 1 0 0 0/1 20:29 4:58 3:44
Dustin Boyd 1 0 1 0 0 2 0 0 0 0 8/15 13:43 4:18 1:37
Evgeny Dadonov 0 0 0 1 2 0 2 1 0 0 0/0 12:38 4:18 0:00
Greg Stewart 0 0 0 -1 0 0 2 1 0 0 0/0 17:23 0:19 8:59
Jay McKee 0 0 0 0 0 0 2 1 0 0 0/0 18:07 3:57 6:49
Jiri Tlusty 0 1 1 0 0 0 3 0 1 0 0/1 11:45 4:18 0:00
Jon Merrill 0 0 0 1 0 1 0 1 0 2 0/0 17:45 0:00 8:36
Jonas Hoglund 0 1 1 0 0 2 0 0 1 0 0/0 6:22 0:00 0:00
Ladislav Smid 0 0 0 -1 2 0 1 0 0 0 0/0 18:28 0:00 5:45
Martin Hanzal 0 0 0 0 0 3 0 3 0 0 3/8 10:36 0:00 4:10
Patrick Sharp 0 0 0 -2 2 2 1 0 0 0 0/2 18:48 4:58 2:44
Stephane Robidas 0 0 0 -1 2 1 2 1 2 0 0/0 14:30 3:57 0:00
Tobias Rieder 0 0 0 0 0 1 0 0 0 0 0/0 8:45 0:19 0:17
Tomas Plekanec 1 0 1 1 2 3 1 0 1 1 3/4 13:51 0:00 4:42
Torey Krug 0 1 1 -1 0 0 1 3 0 1 0/0 29:46 5:38 9:08
3 Stars
1 - Patrick Kane (Chi)
2 - Derick Brassard (Chi)
3 - Antoine Roussel (Chi)
Power Play
Blackhawks - 2 on 10 Attempt(s) - 20.00%
Canadiens - 1 on 6 Attempt(s) - 16.67%
Penalty Kill
Blackhawks - 5 on 6 Attempt(s) - 83.33%
- Score 0 goal in Penalty Kill
Canadiens - 8 on 10 Attempt(s) - 80.00%
- Score 0 goal in Penalty Kill
Team Stat
Blackhawks - Hits : 20 - Faceoff Wins : 37 - Blocked Shots : 7 - Penalty Minutes : 12
Canadiens - Hits : 19 - Faceoff Wins : 24 - Blocked Shots : 16 - Penalty Minutes : 20
Official
Referees : O'Halloran Dan and L'Ecuyer Frederick
Linesman : Jean Morin and Steve Miller
Game Notes
Jonathan Bernier enters game at 9:05 of 2nd period
Patrick Kane has scored a Hat Trick!
Finance
Level 1 -- Attendance: 4257 (70.95%) -- Ticket Income $366,102
Level 2 -- Attendance: 4990 (99.80%) -- Ticket Income $249,500
Level 3 -- Attendance: 1823 (91.15%) -- Ticket Income $56,513
Level 4 -- Attendance: 2945 (73.63%) -- Ticket Income $64,790
Luxury Box -- Attendance: 824 (82.40%) -- Ticket Income $135,960
Game was played at the Centre Bell.
Total Attendance: 14839 (82.44%)
Total Ticket Income: $872,865
Other Income: $130,930
Total Income: $1,003,795
Blackhawks
5 vs 5 Forward
Center Left Wing Right Wing Time % Phy DF OF
1 Derick Brassard Antoine Roussel Patrick Kane 40 1 2 2
2 Jonathan Toews Ryan Hollweg Jason Pominville 30 1 2 2
3 Peter Regin Tomas Fleischmann Chad Larose 20 1 2 2
4 Kyle Brodziak Oleg Saprykin Carson Mcmillan 10 1 2 2
5 vs 5 Defense
Defense Defense Time % Phy DF OF
1 Ian White Joni Pitkanen 40 1 2 2
2 Kurt Sauer Denis Grebeshkov 30 1 2 2
3 Dave Tanabe Ryan O'Byrne 20 1 2 2
4 Ian White Joni Pitkanen 10 1 2 2
PowerPlay Forward
Center Left Wing Right Wing Time % Phy DF OF
1 Derick Brassard Antoine Roussel Patrick Kane 60 1 2 2
2 Jonathan Toews Ryan Hollweg Jason Pominville 40 1 2 2
PowerPlay Defense
Defense Defense Time % Phy DF OF
1 Ian White Joni Pitkanen 60 1 2 2
2 Kurt Sauer Denis Grebeshkov 40 1 2 2
Penalty Kill 4 Players Forward
Center Wing Time % Phy DF OF
1 Patrick Kane Derick Brassard 60 1 2 2
2 Jason Pominville Jonathan Toews 40 1 2 2
Penalty Kill 4 Players Defense
Defense Defense Time % Phy DF OF
1 Ian White Joni Pitkanen 60 1 2 2
2 Kurt Sauer Denis Grebeshkov 40 1 2 2
Penalty Kill - 3 Players Forward
Forward Time % Phy DF OF
1 Patrick Kane 60 1 2 2
2 Derick Brassard 40 1 2 2
Penalty Kill - 3 Players Defense
Defense Defense Time % Phy DF OF
1 Ian White Joni Pitkanen 60 1 2 2
2 Kurt Sauer Denis Grebeshkov 40 1 2 2
4 vs 4 Forward
Center Wing Time % Phy DF OF
1 Patrick Kane Derick Brassard 60 1 2 2
2 Jason Pominville Jonathan Toews 40 1 2 2
4 vs 4 Defense
Defense Defense Time % Phy DF OF
1 Ian White Joni Pitkanen 60 1 2 2
2 Kurt Sauer Denis Grebeshkov 40 1 2 2
Last Minutes Offensive
Center Left Wing Right Wing Defense Defense
Derick Brassard Antoine Roussel Patrick Kane Ian White Joni Pitkanen
Last Minutes Defensive
Center Left Wing Right Wing Defense Defense
Derick Brassard Antoine Roussel Patrick Kane Ian White Joni Pitkanen
Goaltenders
Starting : Jimmy Howard
Backup : Al Montoya
Extra Forwards
Normal : Chad Larose, Tomas Fleischmann, Peter Regin - PP : Chad Larose, Tomas Fleischmann - PK : Peter Regin
Extra Defensemen
Normal : Dave Tanabe, Ryan O'Byrne, Kurt Sauer - PP : Dave Tanabe - PK : Ryan O'Byrne, Kurt Sauer
Penalty Shots
Patrick Kane, Derick Brassard, Jason Pominville, Jonathan Toews, Antoine Roussel
Scratches
None
Canadiens
5 vs 5 Forward
Center Left Wing Right Wing Time % Phy DF OF
1 Andrei Loktionov Patrick Sharp Devin Setoguchi 40 1 2 2
2 Dustin Boyd Greg Stewart Jiri Tlusty 30 1 2 2
3 Tomas Plekanec Evgeny Dadonov Tobias Rieder 20 1 2 2
4 Martin Hanzal Brett Maclean Jonas Hoglund 10 1 2 2
5 vs 5 Defense
Defense Defense Time % Phy DF OF
1 Dennis Wideman Torey Krug 40 1 2 2
2 Stephane Robidas Ladislav Smid 30 1 2 2
3 Jon Merrill Jay McKee 20 1 2 2
4 Dennis Wideman Ladislav Smid 10 1 2 2
PowerPlay Forward
Center Left Wing Right Wing Time % Phy DF OF
1 Andrei Loktionov Patrick Sharp Devin Setoguchi 60 1 2 2
2 Dustin Boyd Evgeny Dadonov Jiri Tlusty 40 1 2 2
PowerPlay Defense
Defense Defense Time % Phy DF OF
1 Dennis Wideman Torey Krug 60 1 2 2
2 Stephane Robidas Jay McKee 40 1 2 2
Penalty Kill 4 Players Forward
Center Wing Time % Phy DF OF
1 Andrei Loktionov Greg Stewart 60 1 2 2
2 Tomas Plekanec Devin Setoguchi 40 1 2 2
Penalty Kill 4 Players Defense
Defense Defense Time % Phy DF OF
1 Jon Merrill Torey Krug 60 1 2 2
2 Ladislav Smid Jay McKee 40 1 2 2
Penalty Kill - 3 Players Forward
Forward Time % Phy DF OF
1 Andrei Loktionov 60 1 2 2
2 Tomas Plekanec 40 1 2 2
Penalty Kill - 3 Players Defense
Defense Defense Time % Phy DF OF
1 Jon Merrill Torey Krug 60 1 2 2
2 Ladislav Smid Jay McKee 40 1 2 2
4 vs 4 Forward
Center Wing Time % Phy DF OF
1 Andrei Loktionov Greg Stewart 60 1 2 2
2 Tomas Plekanec Tobias Rieder 40 1 2 2
4 vs 4 Defense
Defense Defense Time % Phy DF OF
1 Dennis Wideman Torey Krug 60 1 2 2
2 Stephane Robidas Jay McKee 40 1 2 2
Last Minutes Offensive
Center Left Wing Right Wing Defense Defense
Andrei Loktionov Patrick Sharp Devin Setoguchi Dennis Wideman Torey Krug
Last Minutes Defensive
Center Left Wing Right Wing Defense Defense
Tomas Plekanec Patrick Sharp Devin Setoguchi Dennis Wideman Ladislav Smid
Goaltenders
Starting : Tobias Stephan
Backup : Jonathan Bernier
Extra Forwards
Normal : Brett Maclean, Evgeny Dadonov, Martin Hanzal - PP : Brett Maclean, Evgeny Dadonov - PK : Martin Hanzal
Extra Defensemen
Normal : Dennis Wideman, Torey Krug, Ladislav Smid - PP : Torey Krug - PK : Torey Krug, Dennis Wideman
Penalty Shots
Patrick Sharp, Greg Stewart, Tomas Plekanec, Devin Setoguchi, Jonas Hoglund
Scratches
Matt Carle (Left Wrist Injury), Wade Redden (Healthy)
% Time on Ice - Blackhawks
Lines # - Real PCT - Wanted PCT - Time Play
Normal Forward
1 - 32% - 40% - 10:54
2 - 23% - 30% - 8:01
3 - 26% - 20% - 8:57
4 - 18% - 10% - 6:19
Normal Defense
1 - 43% - 40% - 14:48
2 - 32% - 30% - 11:04
3 - 22% - 20% - 7:33
4 - 2% - 10% - 0:46
PP Forward
1 - 52% - 60% - 8:24
2 - 48% - 40% - 7:50
PP Defense
1 - 61% - 60% - 9:59
2 - 39% - 40% - 6:15
PK Forward
1 - 74% - 60% - 6:44
2 - 26% - 40% - 2:24
PK Defense
1 - 57% - 60% - 5:12
2 - 43% - 40% - 3:56
PK3 Forward
1 - 100% - 60% - 0:27
2 - 0% - 40% - 0:00
PK3 Defense
1 - 93% - 60% - 0:25
2 - 7% - 40% - 0:02
44 Forward
1 - 0% - 60%
2 - 0% - 40%
44 Defense
1 - 0% - 60%
2 - 0% - 40%
Last Minute Offensive - 0:00
Last Minute Defensive - 0:00
Total
Forward - 60:00
Defense - 60:00
|
% Time on Ice - Canadiens
Lines # - Real PCT - Wanted PCT - Time Play
Normal Forward
1 - 33% - 40% - 11:12
2 - 26% - 30% - 8:45
3 - 23% - 20% - 7:52
4 - 19% - 10% - 6:22
Normal Defense
1 - 44% - 40% - 15:00
2 - 33% - 30% - 11:26
3 - 20% - 20% - 6:40
4 - 3% - 10% - 1:05
PP Forward
1 - 55% - 60% - 5:17
2 - 45% - 40% - 4:18
PP Defense
1 - 59% - 60% - 5:38
2 - 41% - 40% - 3:57
PK Forward
1 - 71% - 60% - 11:32
2 - 29% - 40% - 4:42
PK Defense
1 - 58% - 60% - 9:25
2 - 42% - 40% - 6:49
PK3 Forward
1 - 0% - 60%
2 - 0% - 40%
PK3 Defense
1 - 0% - 60%
2 - 0% - 40%
44 Forward
1 - 0% - 60%
2 - 0% - 40%
44 Defense
1 - 0% - 60%
2 - 0% - 40%
Last Minute Offensive - 0:00
Last Minute Defensive - 0:00
Total
Forward - 60:00
Defense - 60:00
|
Play by Play
1st period
0:01 of 1st period - Derick Brassard wins face-off versus Andrei Loktionov in neutral zone.
0:09 of 1st period - Icing by Dennis Wideman.
0:10 of 1st period - Antoine Roussel wins face-off versus Andrei Loktionov in Canadiens zone.
0:19 of 1st period - Wrist shot by Andrei Loktionov.
0:19 of 1st period - Stopped by Jimmy Howard with a rebound.
0:43 of 1st period - Wrist shot by Derick Brassard.
0:43 of 1st period - Shot Misses the Net.
0:47 of 1st period - Snap shot by Patrick Kane.
0:47 of 1st period - Shot Misses the Net.
0:49 of 1st period - Slapshot by Ian White.
0:49 of 1st period - Stopped by Tobias Stephan with a rebound.
1:06 of 1st period - Minor Penalty to Devin Setoguchi for Hooking.
1:07 of 1st period - Andrei Loktionov wins face-off versus Jonathan Toews in Canadiens zone.
2:15 of 1st period - Icing by Ryan Hollweg.
2:16 of 1st period - Tomas Plekanec wins face-off versus Jonathan Toews in Blackhawks zone.
2:19 of 1st period - Snap shot by Patrick Sharp.
2:19 of 1st period - Stopped by Jimmy Howard with a rebound.
3:06 of 1st period - Penalty to Devin Setoguchi is over, Devin Setoguchi is back on ice.
3:50 of 1st period - Backhand shot by Tomas Plekanec.
3:50 of 1st period - Shot Misses the Net.
4:12 of 1st period - Snap shot by Patrick Kane.
4:12 of 1st period - Shot Blocked by Devin Setoguchi.
4:14 of 1st period - Slapshot by Patrick Kane.
4:14 of 1st period - Stopped by Tobias Stephan without a rebound.
4:15 of 1st period - Martin Hanzal wins face-off versus Tomas Fleischmann in Canadiens zone.
4:15 of 1st period - Martin Hanzal is hit by Kurt Sauer.
4:31 of 1st period - Kurt Sauer is hit by Brett Maclean and loses puck.
5:53 of 1st period - Antoine Roussel is hit by Greg Stewart and loses puck.
5:57 of 1st period - Icing by Denis Grebeshkov.
5:58 of 1st period - Derick Brassard wins face-off versus Devin Setoguchi in Blackhawks zone.
6:33 of 1st period - Off-side.
6:34 of 1st period - Ryan Hollweg wins face-off versus Dustin Boyd in neutral zone.
7:17 of 1st period - Icing by Peter Regin.
7:18 of 1st period - Kyle Brodziak wins face-off versus Martin Hanzal in Blackhawks zone.
7:23 of 1st period - Snap shot by Carson Mcmillan.
7:23 of 1st period - Shot Blocked by Dennis Wideman.
7:25 of 1st period - Slapshot by Carson Mcmillan.
7:25 of 1st period - Shot Misses the Net.
7:27 of 1st period - Snap shot by Ryan O'Byrne.
7:27 of 1st period - Stopped by Tobias Stephan without a rebound.
7:28 of 1st period - Dustin Boyd wins face-off versus Jonathan Toews in Canadiens zone.
7:33 of 1st period - Dustin Boyd is hit by Ryan Hollweg and loses puck.
7:38 of 1st period - Snap shot by Ryan Hollweg.
7:38 of 1st period - Stopped by Tobias Stephan with a rebound.
7:40 of 1st period - Snap shot by Ryan Hollweg.
7:40 of 1st period - Stopped by Tobias Stephan without a rebound.
7:41 of 1st period - Jonathan Toews wins face-off versus Andrei Loktionov in Canadiens zone.
8:17 of 1st period - Slapshot by Andrei Loktionov.
8:17 of 1st period - Stopped by Jimmy Howard with a rebound.
8:19 of 1st period - Slapshot by Ladislav Smid.
8:19 of 1st period - Deflect By Andrei Loktionov.
8:19 of 1st period - Shot Hit the Post.
8:19 of 1st period - Puck is out of play.
8:20 of 1st period - Jonathan Toews wins face-off versus Dustin Boyd in Blackhawks zone.
8:45 of 1st period - Stephane Robidas is hit by Derick Brassard and loses puck.
8:54 of 1st period - Slapshot by Dennis Wideman.
8:54 of 1st period - Stopped by Jimmy Howard with a rebound.
9:25 of 1st period - Off-side.
9:26 of 1st period - Andrei Loktionov wins face-off versus Kyle Brodziak in neutral zone.
9:29 of 1st period - Joni Pitkanen is hit by Devin Setoguchi and loses puck.
9:58 of 1st period - Minor Penalty to Patrick Kane for Hooking.
9:59 of 1st period - Dustin Boyd wins face-off versus Peter Regin in Blackhawks zone.
10:05 of 1st period - Slapshot by Dustin Boyd.
10:05 of 1st period - Goal by Dustin Boyd - Blackhawks : 0 - Canadiens : 1.
10:06 of 1st period - Jonathan Toews wins face-off versus Dustin Boyd in neutral zone.
11:03 of 1st period - Backhand shot by Peter Regin.
11:03 of 1st period - Shot Blocked by Martin Hanzal.
11:05 of 1st period - Snap shot by Ian White.
11:05 of 1st period - Stopped by Tobias Stephan without a rebound.
11:06 of 1st period - Dustin Boyd wins face-off versus Jonathan Toews in Canadiens zone.
11:15 of 1st period - Denis Grebeshkov is hit by Jiri Tlusty and loses puck.
11:38 of 1st period - Snap shot by Derick Brassard.
11:38 of 1st period - Stopped by Tobias Stephan with a rebound.
11:40 of 1st period - Snap shot by Antoine Roussel.
11:40 of 1st period - Shot Misses the Net.
11:58 of 1st period - Snap shot by Carson Mcmillan.
11:58 of 1st period - Shot Misses the Net.
12:18 of 1st period - Slapshot by Dennis Wideman.
12:18 of 1st period - Deflect By Tomas Plekanec.
12:18 of 1st period - Stopped by Jimmy Howard with a rebound.
13:21 of 1st period - Slapshot by Oleg Saprykin.
13:21 of 1st period - Shot Misses the Net.
14:16 of 1st period - Minor Penalty to Ladislav Smid for Roughing.
14:17 of 1st period - Derick Brassard wins face-off versus Andrei Loktionov in Canadiens zone.
14:34 of 1st period - Jon Merrill is hit by Derick Brassard and loses puck.
14:51 of 1st period - Jon Merrill is hit by Jonathan Toews and loses puck.
16:16 of 1st period - Penalty to Ladislav Smid is over, Ladislav Smid is back on ice.
16:27 of 1st period - Icing by Denis Grebeshkov.
16:28 of 1st period - Peter Regin wins face-off versus Martin Hanzal in Blackhawks zone.
17:04 of 1st period - Minor Penalty to Tomas Plekanec for Slashing.
17:05 of 1st period - Derick Brassard wins face-off versus Andrei Loktionov in Canadiens zone.
17:09 of 1st period - Snap shot by Patrick Kane.
17:09 of 1st period - Shot Misses the Net.
17:13 of 1st period - Slapshot by Patrick Kane.
17:13 of 1st period - Shot Misses the Net.
17:15 of 1st period - Snap shot by Antoine Roussel.
17:15 of 1st period - Shot Misses the Net.
17:17 of 1st period - Snap shot by Derick Brassard.
17:17 of 1st period - Goal by Derick Brassard - Blackhawks : 1 - Canadiens : 1.
17:18 of 1st period - Andrei Loktionov wins face-off versus Derick Brassard in neutral zone.
18:30 of 1st period - Patrick Sharp is hit by Oleg Saprykin and loses puck.
19:27 of 1st period - Denis Grebeshkov is hit by Jay McKee and loses puck.
Goals for this period are 1 for Blackhawks vs 1 for Canadiens.
Shots for this period are 8 for Blackhawks vs 6 for Canadiens.
2nd period
0:01 of 2nd period - Derick Brassard wins face-off versus Andrei Loktionov in neutral zone.
0:06 of 2nd period - Snap shot by Patrick Kane.
0:06 of 2nd period - Stopped by Tobias Stephan with a rebound.
0:08 of 2nd period - Slapshot by Derick Brassard.
0:08 of 2nd period - Shot Blocked by Andrei Loktionov.
0:10 of 2nd period - Snap shot by Patrick Kane.
0:10 of 2nd period - Goal by Patrick Kane - Blackhawks : 2 - Canadiens : 1.
0:11 of 2nd period - Andrei Loktionov wins face-off versus Derick Brassard in neutral zone.
0:13 of 2nd period - Off-side.
0:14 of 2nd period - Derick Brassard wins face-off versus Andrei Loktionov in neutral zone.
1:05 of 2nd period - Backhand shot by Joni Pitkanen.
1:05 of 2nd period - Stopped by Tobias Stephan without a rebound.
1:06 of 2nd period - Tomas Plekanec wins face-off versus Chad Larose in Canadiens zone.
1:18 of 2nd period - Minor Penalty to Evgeny Dadonov for Roughing.
1:19 of 2nd period - Derick Brassard wins face-off versus Andrei Loktionov in Canadiens zone.
1:21 of 2nd period - Wrist shot by Patrick Kane.
1:21 of 2nd period - Shot Blocked by Jon Merrill.
1:23 of 2nd period - Snap shot by Antoine Roussel.
1:23 of 2nd period - Deflect By Patrick Kane.
1:23 of 2nd period - Stopped by Tobias Stephan with a rebound.
1:25 of 2nd period - Slapshot by Joni Pitkanen.
1:25 of 2nd period - Stopped by Tobias Stephan with a rebound.
1:27 of 2nd period - Wrist shot by Derick Brassard.
1:27 of 2nd period - Shot Blocked by Torey Krug.
3:18 of 2nd period - Penalty to Evgeny Dadonov is over, Evgeny Dadonov is back on ice.
3:37 of 2nd period - Oleg Saprykin is hit by Ladislav Smid and loses puck.
3:46 of 2nd period - Minor Penalty to Dennis Wideman for Hooking.
3:47 of 2nd period - Andrei Loktionov wins face-off versus Derick Brassard in Canadiens zone.
3:47 of 2nd period - Andrei Loktionov is hit by Kurt Sauer.
3:59 of 2nd period - Snap shot by Derick Brassard.
3:59 of 2nd period - Stopped by Tobias Stephan with a rebound.
4:19 of 2nd period - Torey Krug is hit by Jonathan Toews.
4:58 of 2nd period - Icing by Jason Pominville.
4:59 of 2nd period - Jonathan Toews wins face-off versus Andrei Loktionov in Blackhawks zone.
5:46 of 2nd period - Penalty to Dennis Wideman is over, Dennis Wideman is back on ice.
6:00 of 2nd period - Wrist shot by Jonas Hoglund.
6:00 of 2nd period - Stopped by Jimmy Howard with a rebound.
6:04 of 2nd period - Snap shot by Brett Maclean.
6:04 of 2nd period - Shot Misses the Net.
6:20 of 2nd period - Slapshot by Torey Krug.
6:20 of 2nd period - Deflect By Tomas Plekanec.
6:20 of 2nd period - Goal by Tomas Plekanec - Blackhawks : 2 - Canadiens : 2.
6:21 of 2nd period - Derick Brassard wins face-off versus Andrei Loktionov in neutral zone.
6:26 of 2nd period - Snap shot by Patrick Kane.
6:26 of 2nd period - Goal by Patrick Kane - Blackhawks : 3 - Canadiens : 2.
6:27 of 2nd period - Derick Brassard wins face-off versus Andrei Loktionov in neutral zone.
6:56 of 2nd period - Minor Penalty to Joni Pitkanen for Holding.
6:57 of 2nd period - Patrick Kane wins face-off versus Andrei Loktionov in Blackhawks zone.
7:47 of 2nd period - Slapshot by Kurt Sauer.
7:47 of 2nd period - Shot Misses the Net.
8:56 of 2nd period - Penalty to Joni Pitkanen is over, Joni Pitkanen is back on ice.
9:05 of 2nd period - Wrist shot by Tomas Fleischmann.
9:05 of 2nd period - Goal by Tomas Fleischmann - Blackhawks : 4 - Canadiens : 2.
9:05 of 2nd period - Jonathan Bernier enters game.
9:06 of 2nd period - Patrick Kane wins face-off versus Dustin Boyd in neutral zone.
9:09 of 2nd period - Slapshot by Ian White.
9:09 of 2nd period - Stopped by Jonathan Bernier without a rebound.
9:10 of 2nd period - Dustin Boyd wins face-off versus Patrick Kane in Canadiens zone.
9:24 of 2nd period - Icing by Ladislav Smid.
9:25 of 2nd period - Jonathan Toews wins face-off versus Dustin Boyd in Canadiens zone.
9:31 of 2nd period - Off-side.
9:32 of 2nd period - Andrei Loktionov wins face-off versus Jonathan Toews in neutral zone.
10:25 of 2nd period - Wrist shot by Stephane Robidas.
10:25 of 2nd period - Shot Blocked by Ian White.
10:48 of 2nd period - Ian White is hit by Stephane Robidas and loses puck.
11:08 of 2nd period - Minor Penalty to Andrei Loktionov for Tripping.
11:09 of 2nd period - Derick Brassard wins face-off versus Martin Hanzal in Canadiens zone.
11:11 of 2nd period - Snap shot by Derick Brassard.
11:11 of 2nd period - Shot Blocked by Martin Hanzal.
11:13 of 2nd period - Wrist shot by Kurt Sauer.
11:13 of 2nd period - Shot Misses the Net.
11:15 of 2nd period - Slapshot by Denis Grebeshkov.
11:15 of 2nd period - Deflect By Torey Krug.
11:15 of 2nd period - Stopped by Jonathan Bernier with a rebound.
11:17 of 2nd period - Wrist shot by Antoine Roussel.
11:17 of 2nd period - Deflect By Patrick Kane.
11:17 of 2nd period - Goal by Patrick Kane - Blackhawks : 5 - Canadiens : 2.
11:18 of 2nd period - Derick Brassard wins face-off versus Andrei Loktionov in neutral zone.
11:18 of 2nd period - Derick Brassard is hit by Devin Setoguchi.
11:23 of 2nd period - Denis Grebeshkov is hit by Torey Krug and loses puck.
11:53 of 2nd period - Slapshot by Dustin Boyd.
11:53 of 2nd period - Stopped by Jimmy Howard with a rebound.
12:29 of 2nd period - Snap shot by Oleg Saprykin.
12:29 of 2nd period - Stopped by Jonathan Bernier with a rebound.
12:59 of 2nd period - Minor Penalty to Andrei Loktionov for Holding Stick.
13:00 of 2nd period - Derick Brassard wins face-off versus Martin Hanzal in Canadiens zone.
13:13 of 2nd period - Slapshot by Joni Pitkanen.
13:13 of 2nd period - Stopped by Jonathan Bernier with a rebound.
13:15 of 2nd period - Wrist shot by Antoine Roussel.
13:15 of 2nd period - Shot Misses the Net.
13:17 of 2nd period - Wrist shot by Antoine Roussel.
13:17 of 2nd period - Shot Blocked by Martin Hanzal.
13:43 of 2nd period - Ian White is hit by Jay McKee and loses puck.
14:32 of 2nd period - Tomas Plekanec is hit by Derick Brassard and loses puck.
14:59 of 2nd period - Penalty to Andrei Loktionov is over, Andrei Loktionov is back on ice.
15:06 of 2nd period - Torey Krug is hit by Peter Regin and loses puck.
15:33 of 2nd period - Wrist shot by Oleg Saprykin.
15:33 of 2nd period - Shot Blocked by Evgeny Dadonov.
15:35 of 2nd period - Slapshot by Ryan O'Byrne.
15:35 of 2nd period - Stopped by Jonathan Bernier with a rebound.
15:53 of 2nd period - Kurt Sauer is hit by Tomas Plekanec and loses puck.
16:07 of 2nd period - Wrist shot by Tobias Rieder.
16:07 of 2nd period - Stopped by Jimmy Howard with a rebound.
16:09 of 2nd period - Snap shot by Tomas Plekanec.
16:09 of 2nd period - Stopped by Jimmy Howard with a rebound.
16:11 of 2nd period - Backhand shot by Tomas Plekanec.
16:11 of 2nd period - Shot Blocked by Chad Larose.
16:13 of 2nd period - Slapshot by Torey Krug.
16:13 of 2nd period - Shot Blocked by Peter Regin.
16:15 of 2nd period - Slapshot by Torey Krug.
16:15 of 2nd period - Shot Misses the Net.
16:32 of 2nd period - Snap shot by Tomas Plekanec.
16:32 of 2nd period - Shot Blocked by Peter Regin.
16:34 of 2nd period - Snap shot by Jon Merrill.
16:34 of 2nd period - Stopped by Jimmy Howard without a rebound.
16:35 of 2nd period - Derick Brassard wins face-off versus Andrei Loktionov in Blackhawks zone.
16:40 of 2nd period - Slapshot by Derick Brassard.
16:40 of 2nd period - Shot Misses the Net.
16:42 of 2nd period - Minor Penalty to Stephane Robidas for Holding.
16:43 of 2nd period - Derick Brassard wins face-off versus Andrei Loktionov in Canadiens zone.
16:44 of 2nd period - Slapshot by Patrick Kane.
16:44 of 2nd period - Shot Blocked by Jay McKee.
16:46 of 2nd period - Snap shot by Patrick Kane.
16:46 of 2nd period - Shot Blocked by Greg Stewart.
18:11 of 2nd period - Denis Grebeshkov is hit by Patrick Sharp and loses puck.
18:42 of 2nd period - Penalty to Stephane Robidas is over, Stephane Robidas is back on ice.
18:49 of 2nd period - Slapshot by Martin Hanzal.
18:49 of 2nd period - Stopped by Jimmy Howard without a rebound.
18:50 of 2nd period - Peter Regin wins face-off versus Martin Hanzal in Blackhawks zone.
18:57 of 2nd period - Wrist shot by Peter Regin.
18:57 of 2nd period - Stopped by Jonathan Bernier without a rebound.
18:58 of 2nd period - Andrei Loktionov wins face-off versus Chad Larose in Canadiens zone.
19:11 of 2nd period - Minor Penalty to Patrick Sharp for High sticking.
19:12 of 2nd period - Derick Brassard wins face-off versus Andrei Loktionov in Canadiens zone.
Goals for this period are 4 for Blackhawks vs 1 for Canadiens.
Shots for this period are 15 for Blackhawks vs 7 for Canadiens.
3rd period
0:01 of 3rd period - Derick Brassard wins face-off versus Andrei Loktionov in neutral zone.
0:08 of 3rd period - Torey Krug is hit by Derick Brassard and loses puck.
0:27 of 3rd period - Andrei Loktionov is hit by Jason Pominville and loses puck.
1:11 of 3rd period - Penalty to Patrick Sharp is over, Patrick Sharp is back on ice.
1:16 of 3rd period - Jay McKee is hit by Joni Pitkanen and loses puck.
1:43 of 3rd period - Wrist shot by Kyle Brodziak.
1:43 of 3rd period - Stopped by Jonathan Bernier without a rebound.
1:44 of 3rd period - Martin Hanzal wins face-off versus Kyle Brodziak in Canadiens zone.
1:57 of 3rd period - Snap shot by Joni Pitkanen.
1:57 of 3rd period - Stopped by Jonathan Bernier without a rebound.
1:58 of 3rd period - Dustin Boyd wins face-off versus Derick Brassard in Canadiens zone.
2:09 of 3rd period - Stephane Robidas is hit by Patrick Kane and loses puck.
2:14 of 3rd period - Wrist shot by Patrick Kane.
2:14 of 3rd period - Stopped by Jonathan Bernier without a rebound.
2:15 of 3rd period - Andrei Loktionov wins face-off versus Jonathan Toews in Canadiens zone.
2:15 of 3rd period - Andrei Loktionov is hit by Joni Pitkanen.
2:26 of 3rd period - Snap shot by Ryan Hollweg.
2:26 of 3rd period - Stopped by Jonathan Bernier without a rebound.
2:27 of 3rd period - Patrick Kane wins face-off versus Andrei Loktionov in Canadiens zone.
2:28 of 3rd period - Snap shot by Derick Brassard.
2:28 of 3rd period - Shot Misses the Net.
2:41 of 3rd period - Icing by Derick Brassard.
2:42 of 3rd period - Derick Brassard wins face-off versus Dustin Boyd in Blackhawks zone.
2:51 of 3rd period - Wrist shot by Derick Brassard.
2:51 of 3rd period - Stopped by Jonathan Bernier without a rebound.
2:52 of 3rd period - Derick Brassard wins face-off versus Dustin Boyd in Canadiens zone.
3:05 of 3rd period - Snap shot by Derick Brassard.
3:05 of 3rd period - Shot Blocked by Torey Krug.
3:07 of 3rd period - Slapshot by Ian White.
3:07 of 3rd period - Shot Misses the Net.
3:09 of 3rd period - Slapshot by Derick Brassard.
3:09 of 3rd period - Stopped by Jonathan Bernier with a rebound.
3:18 of 3rd period - Off-side.
3:19 of 3rd period - Andrei Loktionov wins face-off versus Jonathan Toews in neutral zone.
3:21 of 3rd period - Stephane Robidas is hit by Denis Grebeshkov and loses puck.
3:25 of 3rd period - Minor Penalty to Jason Pominville for Charging.
3:26 of 3rd period - Andrei Loktionov wins face-off versus Patrick Kane in Blackhawks zone.
3:29 of 3rd period - Snap shot by Andrei Loktionov.
3:29 of 3rd period - Shot Blocked by Patrick Kane.
3:31 of 3rd period - Slapshot by Torey Krug.
3:31 of 3rd period - Shot Misses the Net.
4:57 of 3rd period - Minor Penalty to Jonathan Toews for Interference.
4:58 of 3rd period - Patrick Kane wins face-off versus Jiri Tlusty in Blackhawks zone.
5:11 of 3rd period - Slapshot by Dennis Wideman.
5:11 of 3rd period - Shot Blocked by Ian White.
5:13 of 3rd period - Slapshot by Torey Krug.
5:13 of 3rd period - Shot Blocked by Joni Pitkanen.
5:25 of 3rd period - Penalty to Jason Pominville is over, Jason Pominville is back on ice.
5:46 of 3rd period - Denis Grebeshkov is hit by Jiri Tlusty and loses puck.
6:44 of 3rd period - Torey Krug is hit by Jason Pominville and loses puck.
6:57 of 3rd period - Penalty to Jonathan Toews is over, Jonathan Toews is back on ice.
6:59 of 3rd period - Patrick Kane is hit by Greg Stewart and loses puck.
7:28 of 3rd period - Backhand shot by Ryan Hollweg.
7:28 of 3rd period - Shot Blocked by Stephane Robidas.
7:36 of 3rd period - Jason Pominville is hit by Evgeny Dadonov and loses puck.
8:48 of 3rd period - Minor Penalty to Oleg Saprykin for Hooking.
8:49 of 3rd period - Derick Brassard wins face-off versus Patrick Sharp in Blackhawks zone.
9:01 of 3rd period - Slapshot by Patrick Sharp.
9:01 of 3rd period - Stopped by Jimmy Howard without a rebound.
9:02 of 3rd period - Patrick Kane wins face-off versus Andrei Loktionov in Blackhawks zone.
9:17 of 3rd period - Wrist shot by Andrei Loktionov.
9:17 of 3rd period - Stopped by Jimmy Howard with a rebound.
10:48 of 3rd period - Penalty to Oleg Saprykin is over, Oleg Saprykin is back on ice.
10:56 of 3rd period - Snap shot by Martin Hanzal.
10:56 of 3rd period - Stopped by Jimmy Howard with a rebound.
10:58 of 3rd period - Slapshot by Martin Hanzal.
10:58 of 3rd period - Stopped by Jimmy Howard with a rebound.
11:00 of 3rd period - Snap shot by Martin Hanzal.
11:00 of 3rd period - Shot Misses the Net.
11:04 of 3rd period - Snap shot by Jonas Hoglund.
11:04 of 3rd period - Stopped by Jimmy Howard with a rebound.
11:28 of 3rd period - Snap shot by Peter Regin.
11:28 of 3rd period - Shot Misses the Net.
11:30 of 3rd period - Slapshot by Kurt Sauer.
11:30 of 3rd period - Shot Blocked by Torey Krug.
11:32 of 3rd period - Wrist shot by Ryan Hollweg.
11:32 of 3rd period - Shot Blocked by Dennis Wideman.
11:34 of 3rd period - Snap shot by Kurt Sauer.
11:34 of 3rd period - Shot Blocked by Dennis Wideman.
11:36 of 3rd period - Snap shot by Kurt Sauer.
11:36 of 3rd period - Deflect By Brett Maclean.
11:36 of 3rd period - Stopped by Jonathan Bernier without a rebound.
11:37 of 3rd period - Dustin Boyd wins face-off versus Jonathan Toews in Canadiens zone.
11:45 of 3rd period - Snap shot by Stephane Robidas.
11:45 of 3rd period - Stopped by Jimmy Howard without a rebound.
11:46 of 3rd period - Dustin Boyd wins face-off versus Jonathan Toews in Blackhawks zone.
11:49 of 3rd period - Snap shot by Greg Stewart.
11:49 of 3rd period - Deflect By Ian White.
11:49 of 3rd period - Shot Misses the Net.
11:49 of 3rd period - Puck is out of play.
11:50 of 3rd period - Jonathan Toews wins face-off versus Patrick Sharp in Blackhawks zone.
11:50 of 3rd period - Jonathan Toews is hit by Andrei Loktionov.
12:00 of 3rd period - Slapshot by Devin Setoguchi.
12:00 of 3rd period - Shot Misses the Net.
12:02 of 3rd period - Slapshot by Dennis Wideman.
12:02 of 3rd period - Shot Misses the Net.
12:04 of 3rd period - Wrist shot by Andrei Loktionov.
12:04 of 3rd period - Shot Misses the Net.
12:06 of 3rd period - Slapshot by Dennis Wideman.
12:06 of 3rd period - Deflect By Jonathan Toews.
12:06 of 3rd period - Stopped by Jimmy Howard without a rebound.
12:07 of 3rd period - Dustin Boyd wins face-off versus Derick Brassard in Blackhawks zone.
12:54 of 3rd period - Off-side.
12:55 of 3rd period - Tomas Plekanec wins face-off versus Kyle Brodziak in neutral zone.
13:36 of 3rd period - Minor Penalty to Andrei Loktionov for Interference.
13:37 of 3rd period - Martin Hanzal wins face-off versus Derick Brassard in Canadiens zone.
15:36 of 3rd period - Penalty to Andrei Loktionov is over, Andrei Loktionov is back on ice.
15:49 of 3rd period - Oleg Saprykin is hit by Evgeny Dadonov.
16:17 of 3rd period - Devin Setoguchi is hit by Chad Larose and loses puck.
16:28 of 3rd period - Jonas Hoglund is hit by Carson Mcmillan and loses puck.
16:47 of 3rd period - Denis Grebeshkov is hit by Jiri Tlusty and loses puck.
17:04 of 3rd period - Icing by Derick Brassard.
17:05 of 3rd period - Derick Brassard wins face-off versus Tomas Plekanec in Blackhawks zone.
17:10 of 3rd period - Slapshot by Patrick Kane.
17:10 of 3rd period - Shot Misses the Net.
17:29 of 3rd period - Minor Penalty to Chad Larose for Roughing.
17:30 of 3rd period - Patrick Kane wins face-off versus Andrei Loktionov in Blackhawks zone.
19:08 of 3rd period - Patrick Sharp is hit by Peter Regin and loses puck.
19:29 of 3rd period - Penalty to Chad Larose is over, Chad Larose is back on ice.
19:47 of 3rd period - Jonathan Toews is hit by Stephane Robidas and loses puck.
Goals for this period are 0 for Blackhawks vs 0 for Canadiens.
Shots for this period are 7 for Blackhawks vs 7 for Canadiens.
Back to the Top